 Dungeon Crawl Stone Soup version 0.20.1-1-g8b1a95d (webtiles) character file.

191 kae the Cudgeler (level 5, -2/51 HPs)
             Began as a Gargoyle Berserker on Sept 16, 2017.
             Was a Priest of Trog.
             Slain by an orc
             ... wielding a +0 flail
              (7 damage)
             ... on level 3 of the Dungeon.
             The game lasted 00:01:55 (1878 turns).

kae the Cudgeler (Gargoyle Berserker)               Turns: 1878, Time: 00:01:55

Health: -2/51      AC:  7    Str: 27    XL:     5   Next: 70%
Magic:  5/5        EV: 12    Int:  7    God:    Trog [***...]
Gold:   70         SH:  0    Dex:  9    Spells: 4/4 levels left

rFire    . . .     SeeInvis .   a - +0 mace
rCold    . . .     Gourm    .   (no shield)
rNeg     + . .     Faith    .   b - +1 animal skin
rPois    ∞         Spirit   .   (no helmet)
rElec    +         Reflect  .   (no cloak)
rCorr    .         Harm     .   (no gloves)
MR       ++...                  (no boots)
Stlth    ..........             (no amulet)
Regen    1.2/turn               (no ring)
MPRegen  0.1/turn               (no ring)

@: berserking (expiring), regenerating, very quick
A: negative energy resistance 1, electricity resistance, unbreathing,
petrification resistance, rot immunity, AC +4
a: Berserk, Trog's Hand, Burn Spellbooks, Renounce Religion


You were on level 3 of the Dungeon.
You worshipped Trog.
Trog was most pleased with you.
You were near starving.

You visited 1 branch of the dungeon, and saw 3 of its levels.

You collected 70 gold pieces.

Inventory:

Hand Weapons
 a - a +0 mace (weapon)
Armour
 b - a +1 animal skin (worn)
Scrolls
 e - a scroll of identify
Potions
 h - a potion of invisibility
 l - 2 potions of lignification {unknown}
Comestibles
 c - a bread ration
 d - 2 fruits
 j - 2 royal jellies


   Skills:
 + Level 4.4 Fighting
 * Level 4.7 Maces & Flails
 + Level 3.7 Armour
 - Level 1.5 Dodging


You had 4 spell levels left.
You didn't know any spells.

Dungeon Overview and Level Annotations

Branches:
Dungeon (3/15)

Altars:


Innate Abilities, Weirdness & Mutations

You are resistant to torment.
Your stone body is resilient. (AC +4)
You are immune to poison.
You resist negative energy. (rN+)
You are resistant to electric shocks. (rElec)
You can survive without breathing.
You are immune to petrification.
You are immune to rotting.


Message History

A red film seems to cover your vision as you go berserk!
You feel yourself moving faster!
You feel mighty!
You are near starving!
The orc hits you with a flail!
* * * LOW HITPOINT WARNING * * *
The orc closely misses you.
You closely miss the orc. The orc hits you with a flail!
* * * LOW HITPOINT WARNING * * *
You are too berserk!
You closely miss the orc. The orc hits you but does no damage.
You sock the orc!
You kill the orc!
Trog accepts your kill. The orc barely misses you.
You bludgeon the orc priest!!
You kill the orc priest!
Trog accepts your kill. The orc closely misses you.
You closely miss the orc. The orc hits you with a flail!
You die...

**,,,,,,,,,,,,........,,,,,,,,,,*
,,,,,,,,,,,...,......,,,>,,,,,,,*
,,,,,,,,,**#..,#.....,,,,,,,,,,,*
,,,,,*,,,* #...#....,,**,,,******
***,,*,***##...#o...,,***#.#
*,,,,*,,,,,....#..o#######.####
*,*,,*,,,,,,#............#....###
,,**,*,,,,,,#..!##)......#......#
*,,,,,,,,,,,#...@o.......#......#
*,,,,,,,,,**#....o....####).....#
,,,,,,,,,,**#......((.#.........#
,,,,,,,,,,,*#...#...............#
,,,,,,,,,,,)....................#
,,,,,,,,,,....###..........######
,,,,,,,,,.....,......##....######
,,,,,,,,,..#..............#......
,,,,,,,,,,,*,,......#............


You could see 2 orcs.

Vanquished Creatures
  A hound (D:3)
  An orc priest (D:3)
  Jessica (D:2)
  3 adders
  An ooze (D:3)
  2 worms (D:2)
  A dart slug (D:3)
  A leopard gecko (D:2)
  2 orcs (D:3)
  3 giant cockroaches
  5 goblins
  9 hobgoblins
  8 jackals (D:1)
  6 kobolds
  7 bats
  3 frilled lizards
  9 rats
63 creatures vanquished.

Notes
Turn   | Place    | Note
-------+----------+-------------------------------------------
     0 | D:1      | kae the Gargoyle Berserker began the quest for the Orb.
     0 | D:1      | Reached XP level 1. HP: 14/14 MP: 1/1
   278 | D:1      | Reached XP level 2. HP: 16/19 MP: 2/2
   443 | D:1      | Reached ** piety under Trog
   778 | D:1      | Reached XP level 3. HP: 23/23 MP: 3/3
   948 | D:2      | Noticed Jessica
   950 | D:2      | Killed Jessica
   950 | D:2      | Reached XP level 4. HP: 27/29 MP: 4/4
   989 | D:2      | Found a faded altar of an unknown god.
  1679 | D:3      | Reached XP level 5. HP: 33/33 MP: 5/5
  1820 | D:3      | Reached *** piety under Trog
  1874 | D:3      | HP: 1/51 [orc/flail (7)]
  1878 | D:3      | Slain by an orc

Skill      XL: |  1  2  3  4 |
---------------+-------------+-----
Armour         | 3 |  3.7
Fighting       | 4 |  4.4
Maces & Flails | 4 |  4.7
Dodging        | |  1.5

Action                   |  1- 3 |  4- 6 || total
-------------------------+-------+-------++-------
Melee: Mace              |    71 |   125 ||   196
Invok: Berserk           |       |     3 ||     3
       Trog's Hand       |       |     1 ||     1
  Use: Scroll            |       |     6 ||     6
  Eat: Chunk             |       |     5 ||     5
Armor: Animal skin       |    35 |    63 ||    98
Dodge: Dodged            |    71 |   110 ||   181
